 Dungeon Crawl Stone Soup version 0.24.0-1-gfbc8707122 (webtiles) character file.

Game seed: 11627535881945750269, levelgen mode: deterministic

93 Heliosone the Skirmisher (level 4, -3/37 HPs)
             Began as a Formicid Abyssal Knight on Oct 26, 2019.
             Was a Follower of Lugonu.
             Slain by a gnoll
             ... wielding a +0 spear
              (7 damage)
             ... on level 2 of the Dungeon.
             The game lasted 00:03:03 (1446 turns).

Heliosone the Skirmisher (Formicid Abyssal Knight)  Turns: 1446, Time: 00:03:05

Health: -3/37      AC:  3    Str: 17    XL:     4   Next: 91%
Magic:  5/5        EV: 11    Int: 12    God:    Lugonu [*.....]
Gold:   93         SH:  0    Dex: 10    Spells: 3/3 levels left

rFire    . . .     SeeInvis +   a - +1 hand axe
rCold    . . .     Gourm    .   (no shield)
rNeg     . . .     Faith    .   b - +0 leather armour
rPois    .         Spirit   .   (helmet unavailable)
rElec    .         Reflect  .   (no cloak)
rCorr    +         Harm     .   (no gloves)
MR       .....                  (no boots)
Stlth    +.........             (no amulet)
HPRegen  0.12/turn              j - ring of resist corrosion
MPRegen  0.09/turn              (no ring)

@: no status effects
A: permanent stasis, dig shafts and tunnels, four strong arms, antennae 3
a: Dig, Shaft Self, Depart the Abyss, Renounce Religion


You were on level 2 of the Dungeon.
You worshipped Lugonu.
Lugonu was aware of your devotion.
You were not hungry.

You visited 1 branch of the dungeon, and saw 2 of its levels.
You visited the Abyss 1 time.

You collected 93 gold pieces.

Inventory:

Hand Weapons
 a - a +1 hand axe (weapon)
Armour
 b - a +0 leather armour (worn)
Jewellery
 j - a ring of resist corrosion (left hand)
Scrolls
 d - 2 scrolls of enchant armour {unknown}
 f - 2 scrolls of identify {unknown}
 g - a scroll of remove curse {unknown}
 i - a scroll of magic mapping {unknown}
 m - a scroll of noise {unknown}
 n - a scroll of enchant weapon {unknown}
 o - a scroll of teleportation {unknown}
 p - a scroll of immolation {unknown}
Potions
 e - a potion of heal wounds {unknown}
 h - 2 potions of agility {unknown}
 k - a potion of mutation {unknown}
 l - a potion of curing {unknown}
Comestibles
 c - 2 rations
 q - a chunk of flesh


   Skills:
 + Level 4.2 Fighting
 + Level 3.1 Axes
 + Level 3.4 Armour
 - Level 0.8 Dodging
 - Level 2.1 Invocations


You had 3 spell levels left.
You didn't know any spells.
Your spell library was empty.

Dungeon Overview and Level Annotations

Branches:
Dungeon (2/15)

Altars:


Innate Abilities, Weirdness & Mutations

You cannot be hasted, slowed, berserked, paralysed or teleported.
You can dig through walls and to a lower floor.
Your four strong arms can wield two-handed weapons with a shield.
You have a pair of large antennae on your head. (SInv)


Message History

The gnoll hits you but does no damage.
You hit the gnoll.
The gnoll is heavily wounded.
The gnoll hits you with a +0 spear.
You hit the gnoll but do no damage.
The gnoll is heavily wounded.
The gnoll hits you but does no damage.
The gnoll hits you from afar with a +0 spear.
You barely miss the gnoll.
The gnoll is heavily wounded.
The gnoll barely misses you.
The gnoll hits you from afar with a +0 spear.
You hit the gnoll.
The gnoll is severely wounded.
The gnoll closely misses you.
The gnoll hits you from afar with a +0 spear!
The gnoll hits you with a +0 spear!
* * * LOW HITPOINT WARNING * * *
The gnoll hits you from afar with a +0 spear!
You die...

#.#.####.#####.##..#
#.#.#.#..#
#..............###.#
#........#
###.#########..# #.#
###.#.#.##
#.#########..# #.#
#.....#
.......>.....# #.# #
#.### ##.########.##
#.# ..# .... #####.#
#.# ##
.g...##...#.####.#
.%..g...#..gg@...#
#?..#.######
#####... #####


You could see 2 gnolls.

Vanquished Creatures
  Jessica (D:2)
  A gnoll (D:2)
  An adder (D:2)
  2 worms (D:2)
  2 dart slugs
  3 giant cockroaches
  4 goblins
  6 hobgoblins (D:1)
  7 bats
  3 frilled lizards
  5 kobolds
  4 rats
39 creatures vanquished.

Notes
Turn   | Place    | Note
-------+----------+-------------------------------------------
     0 | Abyss:1  | Heliosone the Formicid Abyssal Knight began the quest for
                  | the Orb.
     0 | Abyss:1  | Reached XP level 1. HP: 18/18 MP: 2/2
     0 | D:1      | Escaped the Abyss
    54 | D:1      | Reached * piety under Lugonu
   167 | D:1      | Reached XP level 2. HP: 22/24 MP: 3/3
   583 | D:1      | Reached XP level 3. HP: 30/30 MP: 4/4
   639 | D:1      | You fall into a shaft and drop 1 floor!
  1015 | D:2      | Noticed Jessica
  1020 | D:2      | Killed Jessica
  1020 | D:2      | Reached skill level 4 in Fighting
  1020 | D:2      | Reached XP level 4. HP: 26/37 MP: 5/5
  1446 | D:2      | Slain by a gnoll

Levels and vault maps discovered:
D:1:      dpeg_arrival_pits, layout_basic
D:2:      layout_loops_ring, first_ration, chequers_ecumenical_altar_island,
          uniq_jessica

Skill      XL: |  1  2  3 |
---------------+----------+-----
Armour         | 3 |  3.4
Fighting       | 4 |  4.2
Axes           | 3 |  3.1
Dodging        | |  0.8
Invocations    | |  2.1

Action                   |  1- 3 |  4- 6 || total
-------------------------+-------+-------++-------
Melee: Hand axe          |   105 |    44 ||   149
Invok: Depart the Abyss  |     1 |       ||     1
  Eat: Chunk             |     1 |     1 ||     2
Armor: Leather armour    |    23 |     9 ||    32
Dodge: Dodged            |    91 |    30 ||   121
